 Dungeon Crawl Stone Soup version 0.25-a0-447-gff83419037 (webtiles) character file.

Game seed: 4196404694831754402, levelgen mode: deterministic

11 Erk the Sneak (level 2, -1/17 HPs)
             Began as an Octopode Wizard on Jan 31, 2020.
             Slain by a kobold
             ... wielding a +0 short sword
              (7 damage)
             ... on level 1 of the Dungeon.
             The game lasted 00:01:34 (288 turns).

Erk the Sneak (Octopode Wizard)                      Turns: 288, Time: 00:01:34

Health: -1/17      AC:  1    Str:  6    XL:     2   Next: 25%
Magic:  5/6        EV: 13    Int: 20    God:
Gold:   0          SH:  0    Dex: 10    Spells: 2/7 levels left

rFire    . . .     SeeInvis .   b - +0 whip
rCold    . . .     Gourm    .   (no shield)
rNeg     . . .     Faith    .   a - +0 hat
rPois    .         Spirit   .   (no amulet)
rElec    .         Reflect  .   (no ring)
rCorr    .         Harm     .   (no ring)
MR       .....                  (no ring)
Stlth    +++.......             (no ring)
HPRegen  0.05/turn              (no ring)
MPRegen  0.10/turn              (no ring)
                                (no ring)
                                (no ring)

@: no status effects
A: almost no armour, stealthy swim, amphibious, 8 rings, constrict 8, camouflage
1, gelatinous body 1
a: no special abilities


You were on level 1 of the Dungeon.
You were not hungry.

You visited 1 branch of the dungeon, and saw 1 of its levels.

Inventory:

Hand Weapons
 b - a +0 whip (weapon)
Armour
 a - a +0 hat (worn)
Scrolls
 f - a scroll of identify {unknown}
 g - a scroll of random uselessness {unknown}
Potions
 d - a potion of degeneration {unknown}
 e - 2 potions of brilliance {unknown}
Comestibles
 c - 3 rations


   Skills:
 - Level 2.0 Dodging
 + Level 3.9 Stealth
 - Level 3.0 Spellcasting
 - Level 1.0 Conjurations
   Level 1.0 Summonings
 + Level 1.2 Translocations


You had 2 spell levels left.
You knew the following spells:

 Your Spells              Type           Power        Failure   Level  Hunger
a - Magic Dart            Conj           #...         10%         1    None
b - Blink                 Tloc           N/A          13%         2    ##.....
c - Slow                  Hex            #.......     22%         2    ##.....

Your spell library contained the following spells:

 Spells                   Type           Power        Failure   Level  Hunger
 Call Imp                 Summ           #.......     14%         2    ##.....
 Conjure Flame            Conj/Fire      #.......     34%         3    ###....
 Mephitic Cloud           Conj/Pois/Air  #.......     36%         3    ###....


Dungeon Overview and Level Annotations

Branches:
Dungeon (1/15)

Altars:


Innate Abilities, Weirdness & Mutations

You cannot wear most types of armour.
You are very stealthy in the water. (Stealth+)
You are amphibious.
You can wear up to eight rings at the same time.
You can use your tentacles to constrict eight enemies at once.
Your skin changes colour to match your surroundings (Stealth+).
Your rubbery body absorbs attacks. (AC +1, EV +1)


Message History

You constrict the giant cockroach, but do no damage.
The giant cockroach closely misses you. The giant cockroach barely misses you.
You barely miss the giant cockroach.
The giant cockroach is severely wounded.
You constrict the giant cockroach.
You kill the giant cockroach!
You hit the kobold. Your grab misses the kobold.
The kobold is moderately wounded.
The kobold hits you with a +0 short sword.
You are too injured to fight recklessly!
You are too injured to fight recklessly!
Casting: Magic Dart (safe; 10% risk of failure)
Confirm with . or Enter, or press ? or * to list all spells.
Aiming: Magic Dart (safe; 10% risk of failure)
Press: ? - help, Shift-Dir - straight line, f - kobold
Aim: a kobold, wielding a +0 short sword (moderately wounded)
The magic dart hits the kobold.
The kobold is heavily wounded.
The kobold hits you with a +0 short sword!
You die...

#.# #.# #.# #.# #.#
#.# #.# #.# #.# #.#
##########.# #.#
...........# #.#
###################.#
...... ......K@...#
####### ############
....g.. #######
...... ###### # .


You could see a kobold.

Vanquished Creatures
  2 giant cockroaches (D:1)
  3 hobgoblins (D:1)
  2 bats (D:1)
  3 rats (D:1)
10 creatures vanquished.

Notes
Turn   | Place    | Note
-------+----------+-------------------------------------------
     0 | D:1      | Erk the Octopode Wizard began the quest for the Orb.
     0 | D:1      | Reached XP level 1. HP: 11/11 MP: 4/4
   193 | D:1      | Reached XP level 2. HP: 12/17 MP: 6/6
   197 | D:1      | Learned a level 2 spell: Blink
   200 | D:1      | Learned a level 2 spell: Slow
   288 | D:1      | Slain by a kobold

Levels and vault maps discovered:
D:1:      dpeg_arrival_prison, layout_basic

Skill      XL: |  1 |
---------------+----+-----
Stealth        | 3 |  3.9
Dodging        | |  2.0
Spellcasting   | |  3.0
Conjurations   | |  1.0
Summonings     | |  1.0
Translocations | |  1.2

Action                   || total
-------------------------++-------
Melee: Whip              ||    25
       Constrict         ||     8
       Tentacles         ||     3
 Cast: Magic Dart        ||     6
 Stab: Sleeping          ||     4
Armor: Skin              ||     2
Dodge: Dodged            ||    12

Table legend:
 A = Non-vault XP
 B = Vault XP
 C = Vault XP percentage of total XP
 D = Non-vault monster count
 E = Vault monster count
 F = Vault count percentage of total count
                 A         B        C        D         E       F
            +---------+---------+-------+---------+---------+-------
      Total |      12 |       4 |  25.0 |       7 |       3 |  30.0
            +---------+---------+-------+---------+---------+-------
        D:1 |      12 |       4 |  25.0 |       7 |       3 |  30.0
            +---------+---------+-------+---------+---------+-------
